 Dungeon Crawl Stone Soup version 0.27-a0-262-gc50aac273e (webtiles) character file.

Game seed: 16096861745840083672

62 Borgoz the Ducker (level 4, 0/38 HPs)
             Began as a Ghoul Gladiator on Feb 5, 2021.
             Slain by a gnoll
             ... wielding a +0 spear
              (2 damage)
             ... on level 2 of the Dungeon.
             The game lasted 00:00:47 (1031 turns).

Borgoz the Ducker (Ghoul Gladiator)                 Turns: 1031, Time: 00:00:48

Health: 0/38       AC:  4    Str: 17    XL:     4   Next: 8%
Magic:  3/3        EV: 12    Int:  3    God:
Gold:   36         SH:  0    Dex: 11    Spells: 3/3 levels left

rFire    . . .     SeeInvis .   a - +0 long sword
rCold    + . .     Faith    .   (no shield)
rNeg     + + +     Spirit   .   b - +0 leather armour
rPois    ∞         Reflect  .   c - +0 helmet
rElec    .         Harm     .   (no cloak)
rCorr    .         Rampage  .   (no gloves)
Will     .....                  (no boots)
Stlth    +.........             (no amulet)
HPRegen  0.00/turn              (no ring)
MPRegen  0.08/turn              (no ring)

@: flying
A: claws 1, cold resistance 1, negative energy resistance 3, inhibited
regeneration, torment resistance, unbreathing
a: no special abilities


You were on level 2 of the Dungeon.
You visited 1 branch of the dungeon, and saw 2 of its levels.

You collected 36 gold pieces.

Inventory:

Hand Weapons
 a - a +0 long sword (weapon)
Missiles
 d - a throwing net (quivered)
Armour
 b - a +0 leather armour (worn)
 c - a +0 helmet (worn)
Jewellery
 g - a +6 ring of strength {unknown}
Scrolls
 e - a scroll of noise {unknown}
 f - 3 scrolls of identify {unknown}
Potions
 h - a potion of flight


   Skills:
 + Level 3.0 Fighting
 + Level 3.2 Long Blades
 - Level 1.7 Throwing
 + Level 1.3 Armour
 + Level 3.2 Dodging


You had 3 spell levels left.
You didn't know any spells.
Your spell library was empty.

Dungeon Overview and Level Annotations

Branches:
Dungeon (2/15)

Altars:


Innate Abilities, Weirdness & Mutations

You thrive by killing the living.
You are immune to poison.
You have sharp fingernails.
Your flesh is cold resistant. (rC+)
You are immune to negative energy. (rN+++)
You do not regenerate when monsters are visible.
You are immune to unholy pain and torment.
You can survive without breathing.


Message History

Press: ? - help, Q - select action Shift-Dir - straight line, f/p - gnoll
Aim: a gnoll, wielding a +0 club (60% to hit)
You throw a throwing net. The throwing net hits the gnoll.
The gnoll is caught in the net!
The gnoll struggles against the net.
You hit the gnoll.
The gnoll is lightly wounded.
The gnoll barely misses you.
The gnoll struggles against the net.
The gnoll hits you from afar with a +0 spear.
* * * LOW HITPOINT WARNING * * *
You hit the gnoll.
The gnoll is heavily wounded.
The gnoll struggles against the net.
The gnoll hits you from afar with a +0 spear.
* * * LOW HITPOINT WARNING * * *
You hit the gnoll but do no damage.
The gnoll is heavily wounded.
The gnoll struggles against the net.
The gnoll hits you from afar with a +0 spear.
You die...

#......#...........#
#......#..........
##'#####......... #.#
#......#
#######.#####......#
..........).(......#
.######.####.g.....##♣♣
#.........#g#........♣
#.#####.#.#@####......♣
#.##....#.#.# ##...PP)♣
#.##.##.#.#.# #...)♣)
#.##.####.#.# ##♣♣♣
#.##......#.#
#.#########.#
#...........#
#############


You could see 2 gnolls.

Vanquished Creatures
  2 gnolls (D:2)
  2 dart slugs (D:1)
  A leopard gecko (D:1)
  A ball python (D:1)
  2 giant cockroaches (D:1)
  5 goblins (D:1)
  3 hobgoblins (D:1)
  8 jackals
  3 kobolds (D:1)
  4 bats (D:1)
  A frilled lizard (D:1)
32 creatures vanquished.

Notes
Turn   | Place    | Note
-------+----------+-------------------------------------------
     0 | D:1      | Borgoz the Ghoul Gladiator began the quest for the Orb.
     0 | D:1      | Reached XP level 1. HP: 17/17 MP: 0/0
   120 | D:1      | Reached XP level 2. HP: 25/25 MP: 1/1
   226 | D:1      | Reached skill level 1 in Armour
   231 | D:1      | Reached XP level 3. HP: 30/30 MP: 2/2
  1027 | D:2      | Reached XP level 4. HP: 5/38 MP: 3/3
  1031 | D:2      | Slain by a gnoll

Illustrated notes

Levels and vault maps discovered:
D:1:      minmay_arrival_radiant_lines, layout_basic
D:2:      layout_basic, uniq_crazy_yiuf_cottage, uniq_robin

Skill      XL: |  1  2  3 |
---------------+----------+-----
Dodging        | 3 |  3.2
Armour         | 1 |  1.3
Long Blades    | 3 |  3.2
Fighting       | 3 |  3.0
Throwing       | |  1.7

Action                   |  1- 3 |  4- 6 || total
-------------------------+-------+-------++-------
Melee: Long sword        |    74 |     3 ||    77
Throw: Throwing net      |       |     2 ||     2
  Use: Potion            |     2 |       ||     2
Armor: Leather armour    |    28 |       ||    28
Dodge: Dodged            |    75 |     3 ||    78
       Rpst.: Long sword |    21 |     1 ||    22

Table legend: (Time is in decaauts)
 A = Elapsed time spent in this place.
 B = Non-inter-level travel time spent in this place.
 C = Inter-level travel time spent in this place.
 D = Time resting spent in this place.
 E = Time spent auto-exploring this place.
 F = Levels seen in this place.
 G = Mean time per level.
                   A        B        C        D        E       F      G
               +--------+--------+--------+--------+--------+-----+--------+
         Total |   1049 |   1011 |     38 |    146 |    699 |   2 |  524.5 |
       Dungeon |   1049 |   1011 |     38 |    146 |    699 |   2 |  524.5 |
               +--------+--------+--------+--------+--------+-----+--------+

Top non-repeatable levels by time:
     D:1: 946 daAuts
     D:2: 103 daAuts
